 Dungeon Crawl Stone Soup version 0.18-a0-1626-g65af6d3 (webtiles) character file.

7441 namelastname112 the Slicer (level 10, -2/86 HPs)
             Began as a Yellow Draconian Berserker on Mar 24, 2016.
             Was a High Priest of Trog.
             Slain by a purple ugly thing (18 damage)
             ... on level 11 of the Dungeon.
             The game lasted 00:11:17 (9863 turns).

namelastname112 the Slicer (DrBe)                   Turns: 9863, Time: 00:11:18

Health: -2/86      AC: 13    Str: 25    XL:     10   Next: 93%
Magic:  10/10      EV: 22    Int:  7    God:    Trog [*****.]
Gold:   452        SH:  0    Dex: 18    Spells: 0 memorised, 9 levels left

rFire  . . .     SeeInvis .     w - +2 dagger (venom)
rCold  . . .     Gourm    .     (armour unavailable)
rNeg   . . .     Faith    +     (no shield)
rPois  .         Spirit   .     T - +2 hat
rElec  .         Dismiss  .     u - +0 cloak
rCorr  +         Reflect  .     H - +2 pair of gloves
SustAt .         Harm     .     (no boots)
MR     ++...     Clarity  +     G - amulet of faith
Stlth  ++++......               W - +4 ring of strength
                                s - ring of loudness (curse)

@: agile, exhausted, flying, regenerating, slowed, very slow, very resistant to
hostile enchantments, stealthy
A: spit acid, acid resistance, unfitting armour, big wings, clarity,
cold-blooded, AC +7
a: Spit Acid, Stop Flying, Berserk, Trog's Hand, Brothers in Arms, Burn
Spellbooks, Renounce Religion


You were on level 11 of the Dungeon.
You worshipped Trog.
Trog was extremely pleased with you.
You were near starving.

You visited 1 branch of the dungeon, and saw 10 of its levels.
You also visited: Ossuary.

You collected 611 gold pieces.
You spent 159 gold pieces at shops.

Inventory:

Hand Weapons
 w - a +2 dagger of venom (weapon)
 R - a +0 blowgun
Missiles
 f - 8 curare-tipped needles
 S - 11 poisoned needles
 X - 6 exploding tomahawks (quivered)
Armour
 u - a +0 cloak (worn)
 H - a +2 pair of gloves (worn)
 T - a +2 hat (worn)
Jewellery
 s - a cursed ring of loudness (left hand)
 v - an uncursed amulet of regeneration
 D - an uncursed ring of sustain attributes
 G - an amulet of faith (around neck)
 O - an uncursed ring of magical power
 W - a +4 ring of strength (right hand)
Wands
 B - a wand of flame (13/48)
 F - a wand of random effects (26/48)
 K - a wand of lightning (8/15)
 U - a wand of polymorph (13/24)
Scrolls
 c - 6 scrolls of remove curse {unknown}
 d - 3 scrolls of enchant armour {unknown}
 g - 2 scrolls of amnesia {unknown}
 i - 4 scrolls of teleportation {unknown}
 k - 2 scrolls of fear {unknown}
 l - 2 scrolls of noise {unknown}
 m - 2 scrolls of random uselessness {unknown}
 n - 10 scrolls of identify {unknown}
 z - a scroll of enchant weapon {unknown}
 A - 2 scrolls of immolation {unknown}
 C - a scroll of magic mapping {unknown}
 L - 2 scrolls of fog {unknown}
 N - 5 scrolls of recharging {unknown}
Potions
 a - a potion of berserk rage
 e - 2 potions of heal wounds {unknown}
 h - a potion of cancellation {unknown}
 j - 2 potions of mutation {unknown}
 o - 2 potions of lignification {unknown}
 r - a potion of resistance {unknown}
 t - a potion of brilliance {unknown}
 x - 3 potions of curing
 E - 2 potions of ambrosia {unknown}
 I - 2 potions of might {unknown}
 J - 4 potions of flight {unknown}
 M - a potion of degeneration {unknown}
 Q - a potion of agility
 Y - a potion of magic {unknown}
Books
 y - a book of Spatial Translocations

   Spells                             Type                      Level
   a - Apportation                    Translocation                1
   b - Blink                          Translocation                2
   c - Shroud of Golubria             Charms/Translocation         2
   d - Portal Projectile              Translocation                3
   e - Teleport Other                 Translocation                3
   f - Passage of Golubria            Translocation                4
   Trog disapproves of the use of such an item.
Comestibles
 b - 4 bread rations
 p - 2 beef jerkies
 q - 3 meat rations
 P - 10 royal jellies
 V - 3 fruits
 Z - a slice of pizza


   Skills:
 + Level 7.5 Fighting
 * Level 9.5 Short Blades
 + Level 5.8 Throwing
 + Level 6.4 Dodging
 * Level 9.2 Stealth


You had 9 spell levels left.
You didn't know any spells.

Dungeon Overview and Level Annotations

Branches:
Dungeon (9/15)             Temple (0/1) D:6
   Lair: D:8-11         Orc: D:9-12

Altars:
Cheibriados
Dithmenos
Elyvilon
Fedhas
Gozag
Makhleb
Ru
Sif Muna
Vehumet
Zin
The Shining One

Shops:
D:6 **[}

Annotations:
D:2 exclusion: oklob plant


Innate Abilities, Weirdness & Mutations

You can spit globs of acid.
You are resistant to acid.
Your golden yellow scales are hard (AC +7).
Your body does not fit into most forms of armour.
You are cold-blooded and may be slowed by cold attacks.
Your large and strong wings let you fly indefinitely.
You possess an exceptional clarity of mind.


Message History

You feel slightly more hungry. The giant frog completely misses you.
The giant frog hits you but does no damage.
The giant frog misses you.
Drink which item? (? for menu, Esc to quit)
It was a potion of agility.
You feel agile all of a sudden.
Drink which item? (? for menu, Esc to quit)
It was a potion of berserk rage.
You're too exhausted to go berserk.
The purple ugly thing stings you but does no damage.
The howler monkey hoots and howls with incredible vigour!
The purple ugly thing stings you!
* * * LOW HITPOINT WARNING * * *
Evoke which item? (* to show all) (? for menu, Esc to quit)
Okay, then.
Drink which item? (? for menu, Esc to quit)
It was a potion of curing.
You feel better. The purple ugly thing stings you!
* * * LOW HITPOINT WARNING * * *
Drink which item? (? for menu, Esc to quit)
You feel better. The purple ugly thing stings you!!
You die...

#...........#..#
....###.%####..#
.....##.........#
......!.y)...C....#
.#.#####h##........#
#......F9# <##9.....
..##..yC## .# hh
#...##u# # . #.# #@#
.. #........ .
#..###... ...# ##.#
.# %. ..


You could see a purple ugly thing, a hill giant, a gargoyle, a giant frog, a
howler monkey and 2 killer bees.

Vanquished Creatures
  An ugly thing (D:9)
  Psyche (D:8)
  A kobold demonologist (D:11)
  A troll (D:11)
  A two-headed ogre (D:8)
  4 yaks (D:11)
  2 hungry ghosts
  2 hippogriffs
  A mottled dragon (D:11)
  A water moccasin (D:8)
  An orc warrior (D:8)
  Duvessa (D:7)
  An ice beast (D:5)
  3 ogres (D:9)
  A sky beast (D:9)
  6 phantoms
  2 big kobolds
  5 elf zombies
  5 giant frogs
  3 elf skeletons (D:6)
  3 scorpions
  Dowan (D:7)
  A killer bee (D:11)
  4 wights (D:11)
  2 howler monkeys
  5 centaur zombies (Ossuary)
  2 crimson imps
  4 human zombies
  5 orc priests
  4 hounds
  6 jellies
  3 human skeletons (D:6)
  Jessica (D:3)
  A giant frog skeleton (D:4)
  2 iguanas
  11 orc wizards
  8 worker ants
  A hound skeleton (D:8)
  4 mummies
  A worker ant zombie (D:7)
  Robin (D:2)
  14 adders
  6 oozes
  2 adder zombies
  3 worms
  3 dart slugs
  8 giant geckos
  35 orcs
  2 ball pythons
  5 bats
  7 giant cockroaches
  11 hobgoblins
  10 jackals
  14 kobolds
  2 quokkas
  A giant gecko skeleton (D:4)
  9 giant newts
  12 goblins
  2 orc skeletons (D:6)
  An orc zombie (D:6)
  2 quokka skeletons
  5 rats
267 creatures vanquished.

Vanquished Creatures (collateral kills)
  A hill giant (D:11)
  An orc warrior (D:11)
  A black bear (D:11)
  4 orcs (D:11)
7 creatures vanquished.

Grand Total: 274 creatures vanquished

Notes
Turn   | Place    | Note
--------------------------------------------------------------
     0 | D:1      | namelastname112 the Draconian Berserker began the quest for the Orb.
     0 | D:1      | Reached XP level 1. HP: 19/19 MP: 1/1
   370 | D:1      | Reached XP level 2. HP: 26/26 MP: 2/2
   445 | D:1      | Reached skill level 1 in Stealth
   895 | D:2      | Reached XP level 3. HP: 31/31 MP: 3/3
   981 | D:2      | Reached ** piety under Trog
  1056 | D:2      | Noticed Robin
  1075 | D:2      | Reached XP level 4. HP: 11/38 MP: 4/4
  1079 | D:2      | Killed Robin
  1084 | D:2      | HP: 1/38 [goblin/club[Robin] (4)]
  1184 | D:2      | Found a blossoming altar of Fedhas.
  1202 | D:2      | Noticed an oklob plant
  1380 | D:2      | Reached skill level 1 in Throwing
  1832 | D:3      | Noticed Jessica
  1838 | D:3      | Killed Jessica
  1916 | D:3      | Reached XP level 5. HP: 21/45 MP: 5/5
  2155 | D:3      | Found a blossoming altar of Fedhas.
  2468 | D:3      | Found a faded altar to an unknown god.
  2513 | D:3      | Reached *** piety under Trog
  2902 | D:4      | Noticed a phantom
  2937 | D:4      | Killed a phantom
  2937 | D:4      | Reached XP level 6. HP: 23/52 MP: 6/6
  3034 | D:4      | Found a burning altar of Makhleb.
  3034 | D:4      | Found a deep blue altar of Sif Muna.
  3034 | D:4      | Found a glowing silver altar of Zin.
  3284 | D:4      | Found a radiant altar of Vehumet.
  3344 | D:4      | Reached skill level 5 in Short Blades
  3536 | D:5      | Entered Level 5 of the Dungeon
  3618 | D:5      | Your scales start taking on a golden yellow colour.
  3618 | D:5      | Reached XP level 7. HP: 52/59 MP: 7/7
  3633 | D:5      | Found a white marble altar of Elyvilon.
  4258 | D:5      | Found a sacrificial altar of Ru.
  4258 | D:5      | Found a shadowy altar of Dithmenos.
  4564 | D:6      | Found Durymm's Assorted Antiques.
  4600 | D:6      | Reached **** piety under Trog
  4621 | D:6      | Bought a dark potion for 18 gold pieces
  4621 | D:6      | Bought a fuming cyan potion for 18 gold pieces
  4621 | D:6      | Bought a lumpy ruby potion for 18 gold pieces
  4621 | D:6      | Bought a scroll labeled GUSAKI ADOLIRGH for 21 gold pieces
  4621 | D:6      | Bought a tapered lead wand for 84 gold pieces
  4661 | D:6      | Found Suqeegga's General Store.
  4664 | D:6      | Found Nugoazof's Antique Armour Shoppe.
  4724 | D:6      | Found a sand-covered staircase.
  4754 | D:6      | Reached XP level 8. HP: 41/67 MP: 8/8
  4778 | Ossuary  | Entered an ossuary
  4834 | Ossuary  | Reached skill level 5 in Fighting
  4834 | Ossuary  | Reached skill level 5 in Stealth
  5839 | D:6      | Found a staircase to the Ecumenical Temple.
  5876 | D:6      | Found a glowing golden altar of the Shining One.
  5962 | D:6      | Found Fuojifoq's Gadget Boutique.
  6247 | D:7      | Noticed Duvessa
  6247 | D:7      | Noticed Dowan
  6258 | D:7      | Killed Dowan
  6271 | D:7      | Killed Duvessa
  6271 | D:7      | Reached XP level 9. HP: 11/74 MP: 9/9
  6676 | D:7      | Reached skill level 5 in Dodging
  7379 | D:8      | Found an opulent altar of Gozag.
  7953 | D:8      | Reached ***** piety under Trog
  8340 | D:8      | Noticed Psyche
  8353 | D:8      | Killed Psyche
  8353 | D:8      | Reached XP level 10. HP: 84/84 MP: 10/10
  8403 | D:8      | Found a shadowy altar of Dithmenos.
  8755 | D:9      | Received a gift from Trog
  8761 | D:9      | Reached skill level 5 in Throwing
  8872 | D:9      | Found a snail-covered altar of Cheibriados.
  9034 | D:9      | Noticed a red ugly thing
  9048 | D:9      | Killed a red ugly thing
  9058 | D:9      | Gained mutation: Your large and strong wings let you fly indefinitely. [mutagenic meat]
  9059 | D:9      | Gained mutation: You possess an exceptional clarity of mind. [mutagenic meat]
  9281 | D:9      | Received a gift from Trog
  9410 | D:9      | You are sucked into a shaft for 2 floors!
  9487 | D:11     | Noticed a hill giant
  9492 | D:11     | Killed a hill giant
  9842 | D:11     | Noticed a purple ugly thing
  9845 | D:11     | Noticed a sun demon
  9848 | D:11     | Noticed a hill giant
  9849 | D:11     | Noticed a gargoyle
  9863 | D:11     | Slain by a purple ugly thing

Vault maps used:
D:1:      dpeg_arrival_rhombus
D:2:      first_bread, tgw_fedhas, uniq_robin
D:3:      nicolae_overflow_crystal_walls, ecumenical_altar_2, uniq_jessica
D:4:      vehumet_altar_wand_db, gammafunk_temple_overflow_forgotten
D:5:      elyvilon_altar_4, gammafunk_temple_overflow_wave
D:6:      nicolae_tso_carved_into_rock, minmay_temple_entry_purple_smoke,
          serial_shops, kennysheep_little_box, shop, nicolae_shop_statue_plus,
          shop, nicolae_ossuary_entry_catacombs
D:7:      uniq_duvessa
D:8:      nicolae_gozag_seed_capital, hangedman_little_slice_of_home,
          nicolae_dithmenos_the_darkroom, uniq_psyche
D:9:      slow_altar_1, lemuel_old_faithful
D:11:     enter_trove_2, kennysheep_kite_vault
Ossuary:  ossuary_minmay_four_chambers

Skill      XL: |  1  2  3  4  5  6  7  8  9 10 |
---------------+-------------------------------+-----
Stealth        | 1 2 3 4 6 7 9 |  9.2
Short Blades   | 4 5 7 8 9 |  9.5
Throwing       | 1 2 3 4 5 |  5.8
Dodging        | 3 4 5 6 |  6.4
Fighting       | 4 5 6 7 |  7.5

Action                   |  1- 3 |  4- 6 |  7- 9 | 10-12 || total
-------------------------+-------+-------+-------+-------++-------
Melee: Short sword       |   123 |   155 |       |       ||   278
       Dagger            |       |    58 |   662 |   280 ||  1000
Invok: Berserk           |     2 |     4 |    10 |     4 ||    20
       Trog's Hand       |       |     1 |       |     1 ||     2
       Burn Spellbooks   |       |       |       |     1 ||     1
       Brothers in Arms  |       |       |       |     1 ||     1
 Abil: Spit Acid         |       |       |     1 |       ||     1
       Fly               |       |       |       |     1 ||     1
  Use: Potion            |       |       |       |     4 ||     4
 Stab: Sleeping          |       |     1 |     7 |     1 ||     9
  Eat: Chunk             |     2 |     8 |    10 |     6 ||    26
       Meat ration       |       |     1 |     3 |     1 ||     5
       Pizza             |       |       |     1 |       ||     1
